 Dungeon Crawl Stone Soup version 0.31-a0-851-g7ff8af7976 (webtiles) character file.

Game seed: 2645554792485192043

43 BinkBink the Covered (level 3, 0/33 HPs)
             Began as a Minotaur Fighter on Oct 6, 2023.
             Slain by Sigmund
             ... wielding a +0 scythe
              (2 damage)
             ... on level 2 of the Dungeon.
             The game lasted 00:00:50 (861 turns).

BinkBink the Covered (Minotaur Fighter)              Turns: 861, Time: 00:00:50

Health: 0/33       AC:  7    Str: 22    XL:     3   Next: 37%
Magic:  2/2        EV:  9    Int:  5    God:
Gold:   25         SH:  0    Dex:  9    Spells: 2/2 levels left

rFire   . . .        a - +0 war axe
rCold   . . .        c - +0 buckler
rNeg    . . .        b - +0 scale mail
rPois   .            (helmet restricted)
rElec   .            (no cloak)
rCorr   .            (no gloves)
SInv    .            (no boots)
Will    .....        (no amulet) Stlth
                     (no ring)
HPRegen 0.25/turn    (no ring)
MPRegen 0.08/turn

%: no passive effects
@: confused
A: horns 2, retaliatory headbutt
a: no special abilities


You were on level 2 of the Dungeon.
You visited 1 branch of the dungeon, and saw 2 of its levels.

You collected 25 gold pieces.

Inventory:

Hand Weapons
 a - a +0 war axe (weapon)
Armour
 b - a +0 scale mail (worn)
 c - a +0 buckler (worn)
Scrolls
 f - a scroll of blinking {unknown}
 g - a scroll of enchant armour {unknown}
Potions
 d - a potion of might
 e - a potion of haste {unknown}


   Skills:
 + Level 4.1 Fighting
 + Level 3.1 Axes
 + Level 4.1 Armour
 + Level 4.1 Shields


You had 2 spell levels left.
You didn't know any spells.
Your spell library was empty.

Dungeon Overview and Level Annotations

Branches:
Dungeon (2/15)

Altars:

Annotations:
D:2 Sigmund


Innate Abilities, Weirdness & Mutations

You have a pair of horns on your head.
You reflexively headbutt those who attack you in melee.


Message History

You are too injured to fight recklessly!
You are too injured to fight recklessly!
You are too injured to fight recklessly!
You barely miss Sigmund. You headbutt Sigmund.
Sigmund is lightly wounded.
Sigmund hits you with a +0 scythe.
You hit Sigmund. Your headbutt misses Sigmund.
Sigmund is moderately wounded.
Sigmund completely misses you.
You hit Sigmund. Your headbutt misses Sigmund.
Sigmund is heavily wounded.
Sigmund hits you but does no damage.
You hit Sigmund.
Sigmund is severely wounded.
You block Sigmund's attack.
You hit Sigmund.
Sigmund is severely wounded.
Sigmund hits you but does no damage.
You barely miss Sigmund.
Sigmund is severely wounded.
You completely miss Sigmund. You headbutt Sigmund, but do no damage.
Sigmund is severely wounded.
Sigmund asks, "Do you like me?"
Sigmund gestures wildly while chanting.
Sigmund flickers and vanishes!
Deactivating autopickup; reactivate with Ctrl-A.
You hear some strange, mumbled words.
You are confused.
You bump into the rock wall.
You hear some strange, mumbled words.
A magic dart appears from out of thin air!
The magic dart hits you!
* * * LOW HITPOINT WARNING * * *
You miss something.
You hear some strange, mumbled words.
A magic dart appears from out of thin air!
The magic dart hits you!
* * * LOW HITPOINT WARNING * * *
You barely miss something. Something hits you.
You die...

##.. ..# .... #.#
### ### #.# #..
####.#
#.#####...[# #
#.#.....#..+
##.###.#.######.#
##..#.....# #.#
........### #@#
.#.##.### #<{#
##.##.# #..#
....#.# #..#
....#.# #..#
......# #...
....### ...#
....#### ....
........


There were no monsters in sight!

Vanquished Creatures
  2 adders (D:2)
  3 ball pythons
  4 bats (D:1)
  2 giant cockroaches (D:1)
  3 goblins (D:1)
  5 hobgoblins (D:1)
  A quokka (D:1)
  2 frilled lizards
  A rat (D:1)
23 creatures vanquished.

Notes
Turn   | Place    | Note
-------+----------+-------------------------------------------
     0 | D:1      | BinkBink the Minotaur Fighter began the quest for the Orb.
     0 | D:1      | Reached XP level 1. HP: 19/19 MP: 0/0
   165 | D:1      | Reached XP level 2. HP: 27/27 MP: 1/1
   305 | D:1      | Found a faded altar of an unknown god.
   713 | D:2      | Reached XP level 3. HP: 32/33 MP: 2/2
   847 | D:2      | Noticed Sigmund
   860 | D:2      | HP: 1/33 [something/magic dart (7)]
   861 | D:2      | Slain by Sigmund

Illustrated notes

Levels and vault maps discovered:
D:1:      lightli_arrival_maybe_door_vault, layout_loops_cross,
          shapermc_ecumenical_altar_acropolis, minmay_pentomino_x4
D:2:      layout_rooms, basic_altar, serial_shops, shop, shop, shop,
          serial_aquarium, aquarium_bridge_long_joined
          [aquarium_subvault_window, aquarium_subvault_wall,
          aquarium_subvault_bridge, aquarium_subvault_window,
          aquarium_subvault_bridge, aquarium_subvault_window],
          aquarium_window_1, aquarium_window_1, aquarium_view_2e,
          minmay_door_square, uniq_natasha, uniq_sigmund

Skill      XL: |  1  2 |
---------------+-------+-----
Fighting       | 4 |  4.1
Armour         | 4 |  4.1
Shields        | 4 |  4.1
Axes           | 3 |  3.1

Action                     || total
---------------------------++-------
  Melee: War axe           ||    60
         Headbutt          ||    10
 Armour: Scale mail        ||    44
  Dodge: Dodged            ||    23
  Block: Buckler           ||    14

Table legend: (Time is in decaauts)
 A = Elapsed time spent in this place.
 B = Non-inter-level travel time spent in this place.
 C = Inter-level travel time spent in this place.
 D = Time resting spent in this place.
 E = Time spent auto-exploring this place.
 F = Levels seen in this place.
 G = Mean time per level.
                   A        B        C        D        E       F      G
               +--------+--------+--------+--------+--------+-----+--------+
         Total |    883 |    838 |     45 |      0 |    687 |   2 |  441.5 |
       Dungeon |    883 |    838 |     45 |      0 |    687 |   2 |  441.5 |
               +--------+--------+--------+--------+--------+-----+--------+

Top non-repeatable levels by time:
     D:1: 711 daAuts
     D:2: 172 daAuts
